Map: Disco Bloodbath LE

Players

Rufio

  • Race: Protoss Protoss
  • League: Platinum
  • Spawn Location: 3:00

Makanoft - Winner!

  • Race: Zerg Zerg
  • League: Platinum
  • Spawn Location: 9:00

VOD

Have the link to the VOD?

Description

Time

  • Played on: Sept. 10, 2019, 2:49 p.m.
  • Length: 4:30
Show
View Real Time Build Order
Export as new Build Order

Rufio Protoss 

Build Orders: 1 Gate Expand 

Get SALT Encoding   

  12  0:01  Probe  
  13  0:17  Pylon  
  13  0:18  Probe  
  14  0:27  Assimilator  
  14  0:37  Gateway  
  14  0:41  Probe  
  15  0:53  Probe (Chrono Boost)  
  16  1:02  Probe (Chrono Boost)  
  17  1:07  Probe (Chrono Boost)  
  19  1:19  Probe (Chrono Boost)  
  19  1:24  Probe (Chrono Boost)  
  20  1:37  Nexus  
  20  1:43  Pylon  
  20  1:48  Probe  
  21  2:02  Cybernetics Core  
  21  2:08  Gateway  
  21  2:14  Probe  
  22  2:23  Pylon  
  24  2:30  Probe  
  25  2:41  Stalker (Chrono Boost)  
  25  2:42  Probe  
  26  2:52  Twilight Council  
  26  2:59  Gateway  
  26  3:03  Gateway  
  26  3:16  Zealot (Chrono Boost)  
  28  3:24  Zealot (Chrono Boost)  
  30  3:30  Pylon  
  25  3:50  Zealot (Chrono Boost)  
  25  3:53  Probe x2  
  31  4:04  Zealot x2 (Chrono Boost)  
  31  4:05  Probe  
Show
View Real Time Build Order
Export as new Build Order

Makanoft Zerg - Winner!

Build Orders: Hatch First 

Get SALT Encoding   

  12  0:01  Drone  
  13  0:11  Drone  
  14  0:18  Extractor  
  14  0:20  Drone  
  15  0:24  Overlord  
  15  0:43  Drone x2  
  15  0:49  Drone  
  18  0:58  Hatchery  
  17  1:12  Spawning Pool  
  17  1:14  Drone  
  17  1:26  Drone  
  17  1:27  Extractor  
  17  1:29  Drone x2  
  19  1:41  Drone  
  20  1:54  Overlord  
  20  2:04  Zergling x2  
  21  2:09  Queen  
  23  2:16  Zergling x4  
  23  2:22  Zergling x4  
  27  2:27  Hatchery  
  26  2:34  Zergling x4  
  28  2:43  Metabolic Boost  
  28  2:45  Zergling x2  
  28  2:46  Zergling x2  
  30  2:56  Drone  
  30  2:57  Drone  
  32  3:02  Queen  
  32  3:04  Drone  
  35  3:16  Drone  
  35  3:17  Overlord  
  35  3:28  Overlord  
  35  3:29  Overlord  
  35  3:36  Zergling x4  
  35  3:37  Zergling x4  
  35  3:41  Zergling x4  
  39  3:49  Zergling x4  
  39  3:55  Zergling x2  
  41  3:58  Drone  
  41  4:00  Drone  
  43  4:06  Drone  
  44  4:11  Zergling x2  
  44  4:12  Zergling x4  
Tags
 
Add a new tag
Caveats
  • Supply blocks, unpowered buildings, or Contaminate may cause inaccurate times.
  • Supply counts are checked every 10 seconds.